 Dungeon Crawl Stone Soup version 0.30.2 (webtiles) character file.

Game seed: 14721285383373458765

7 porpoise the Caller (level 1, -1/13 HPs)
             Began as a Demonspawn Summoner on Feb 2, 2024.
             Slain by a hobgoblin (4 damage)
             ... on level 1 of the Dungeon.
             The game lasted 00:00:55 (244 turns).

porpoise the Caller (Demonspawn Summoner)            Turns: 244, Time: 00:00:55

Health: -1/13      AC:  2    Str:  8    XL:     1   Next: 83%
Magic:  0/3        EV: 12    Int: 16    God:
Gold:   0          SH:  0    Dex: 13    Spells: 3/4 levels left

rFire   . . .        a - +0 whip
rCold   . . .        (no shield)
rNeg    . . .        c - +0 robe
rPois   .            (no helmet)
rElec   .            (no cloak)
rCorr   .            (no gloves)
SInv    .            (no boots)
Will    .....        (no amulet)
Stlth   ++           (no ring)
HPRegen 0.22/turn    (no ring)
MPRegen 0.08/turn

%: no passive effects
@: very slightly contaminated
A: no striking features
a: no special abilities


You were on level 1 of the Dungeon.
You visited 1 branch of the dungeon, and saw 1 of its levels.

Inventory:

Hand Weapons
 a - a +0 whip (weapon)
Armour
 c - a +0 robe (worn)
Scrolls
 d - a scroll of blinking {unknown}
Potions
 b - a potion of magic


   Skills:
 - Level 1.7 Dodging
 - Level 1.7 Stealth
 + Level 2.2 Spellcasting
 + Level 4.2 Summonings


You had 3 spell levels left.
You knew the following spells:

 Your Spells              Type           Power      Damage    Failure   Level
a - Summon Small Mammal   Summ           60%        N/A       3%          1

Your spell library contained the following spells:

 Spells                   Type           Power      Damage    Failure   Level
 Call Imp                 Summ           30%        N/A       5%          2
 Call Canine Familiar     Summ           15%        N/A       11%         3
 Summon Guardian Golem    Hex/Summ       8%         N/A       26%         3
 Summon Lightning Spire   Summ/Air       8%         N/A       63%         4


Dungeon Overview and Level Annotations

Branches:
Dungeon (1/15)

Altars:


Message History

Casting: Summon Small Mammal (safe; 3% risk of failure)
Confirm with . or Enter, or press ? or * to list all spells.
Casting: Summon Small Mammal (safe; 3% risk of failure)
Confirm with . or Enter, or press ? or * to list all spells.
You miscast Summon Small Mammal.
You are very lightly contaminated with residual magic.
Nothing appears to happen.
Casting: Summon Small Mammal (safe; 3% risk of failure)
Confirm with . or Enter, or press ? or * to list all spells.
You miscast Summon Small Mammal.
Nothing appears to happen.
Your quokka closely misses the hobgoblin.
Casting: Summon Small Mammal (safe; 3% risk of failure)
Confirm with . or Enter, or press ? or * to list all spells.
You don't have enough magic to cast this spell.
Your quokka bites the hobgoblin.
A rat comes into view.
You barely miss the hobgoblin.
The hobgoblin is heavily wounded.
Your quokka closely misses the hobgoblin.
The hobgoblin misses your quokka. The hobgoblin closely misses you.
Your quokka bites the hobgoblin.
You hit the hobgoblin.
The hobgoblin is almost dead.
The hobgoblin completely misses your quokka.
The hobgoblin hits you.
Your quokka bites the hobgoblin but does no damage.
You closely miss the hobgoblin.
The hobgoblin is almost dead.
A bat comes into view.
The hobgoblin hits your quokka. The hobgoblin hits you.
Your quokka closely misses the hobgoblin.
You barely miss the hobgoblin.
The hobgoblin is almost dead.
Your quokka barely misses the hobgoblin.
The hobgoblin hits your quokka. The hobgoblin hits you.
* * * LOW HITPOINT WARNING * * *
Your quokka barely misses the hobgoblin.
The hobgoblin closely misses your quokka.
The hobgoblin hits you.
You die...

..... .# ..
....###.#.. .
.......#.#..
#.b........
###.g......#
#)...rr...###♣###
#.....g..# .~~~.
##....#@# ~~~♣
#.......# ###♣~P###
#.....#.# #<##~##.#
#.......#.#..'~'..#
#####.###.#.##~##.#
#........###♣~♣###
#........##♣~~~~#
#.......###.~~~.##
#.......####.....##


You could see 2 hobgoblins, a bat (wandering), a rat and a friendly quokka
(summoned).

Vanquished Creatures
  A dart slug (D:1)
  An endoplasm (D:1)
  A rat (D:1)
3 creatures vanquished.

Vanquished Creatures (collateral kills)
  An endoplasm (D:1)
  A bat (D:1)
2 creatures vanquished.

Grand Total: 5 creatures vanquished

Notes
Turn   | Place    | Note
-------+----------+-------------------------------------------
     0 | D:1      | porpoise the Demonspawn Summoner began the quest for the
                  | Orb.
     0 | D:1      | Reached XP level 1. HP: 13/13 MP: 3/3
   244 | D:1      | Slain by a hobgoblin

Illustrated notes

Levels and vault maps discovered:
D:1:      sevenhm_arrival_forest_fort_small_4, layout_basic, serial_shops, shop,
          shop, shop, grunt_decor_clamped, minmay_misc_feat_cross

Action                     || total
---------------------------++-------
  Melee: Whip              ||     9
         Unarmed           ||     1
   Cast: Summon Small Mamm ||     5
  Dodge: Dodged            ||     3
